 Dungeon Crawl Stone Soup version 0.17.1-3-g152610e (webtiles) character file.

252 ololoev the Cudgeler (level 5, -11/41 HPs)
             Began as a Mummy Chaos Knight on May 4, 2016.
             Mangled by an ogre
             ... wielding a +0 giant spiked club
              (27 damage)
             ... on level 4 of the Dungeon.
             The game lasted 00:03:54 (2742 turns).

ololoev the Cudgeler (Mummy Chaos Knight)           Turns: 2742, Time: 00:03:55

Health: -11/41     AC:  5    Str: 17    XL:     5   Next: 89%
Magic:  14/14      EV: 11    Int: 11    God:    Xom [.*....]
Gold:   137        SH:  0    Dex: 11    Spells: 0 memorised, 4 levels left

rFire  x . .     SeeInvis +     a - +0 mace (chaos)
rCold  + . .     Clarity  .     b - +2 leather armour
rNeg   + + +     SustAt   .     (no shield)
rPois  ∞         Gourm    .     (no helmet)
rElec  .         Spirit   .     (no cloak)
rCorr  .         Warding  .     (no gloves)
rMut   .         Stasis   .     (no boots)
MR     .....                    f - amulet of faith (curse)
Stlth  +.........               g - ring of magical power
                                h - ring of see invisible

@: not resistant to hostile enchantments, very unstealthy
A: no food or potions, fire vulnerability, cold resistance 1, negative energy
resistance 3, torment resistance, unbreathing
a: Renounce Religion


Innate Abilities, Weirdness & Mutations

You do not eat or drink.
Your flesh is vulnerable to fire.
You are immune to poison.
Your flesh is cold resistant.
You are immune to negative energy.
You are immune to unholy pain and torment.
You can survive without breathing.

Inventory:

Hand Weapons
 a - a +0 mace of chaos (weapon)
Armour
 b - a +2 leather armour (worn)
Jewellery
 f - a cursed amulet of faith (around neck)
 g - a ring of magical power (right hand)
 h - a ring of see invisible (left hand)
Scrolls
 c - 4 scrolls of identify {unknown}
 d - a scroll of remove curse {unknown}
 e - 4 scrolls of teleportation {unknown}


   Skills:
 - Level 3.0 Fighting
 * Level 4.5 Maces & Flails
 + Level 3.4 Armour
 - Level 0.7 Dodging


You had 4 spell levels left.
You didn't know any spells.


You were on level 4 of the Dungeon.
You worshipped Xom.
You were a plaything of Xom.
You were not hungry.

You visited 1 branch of the dungeon, and saw 4 of its levels.

You collected 137 gold pieces.

.. ...#
..###..# ###
.......####..#
......[##....#
......#.....##
.........[..#
#..§§§...#
#$.§@O...#
#.#§§§§....#
#.##........
#..###......
##..####....
#...# ####
#.#.## #..#
### #.#..#
#..# #..
#.##.## #..#
#.#

Notes
Turn   | Place    | Note
--------------------------------------------------------------
     0 | D:1      | ololoev the Mummy Chaos Knight began the quest for the Orb.
     0 | D:1      | Reached XP level 1. HP: 18/18 MP: 1/1
   118 | D:1      | XOM: potion effect (heal wounds)
   136 | D:1      | Reached XP level 2. HP: 14/24 MP: 2/2
   547 | D:1      | XOM: 1-stop teleportation journey
   752 | D:2      | XOM: harmless Erth miscast
   887 | D:2      | XOM: noise
  1084 | D:2      | XOM: 1-stop teleportation journey
  1092 | D:2      | Reached XP level 3. HP: 22/29 MP: 3/3
  1173 | D:2      | XOM: butterfly on damage
  1570 | D:2      | Found a snail-covered altar of Cheibriados.
  1711 | D:2      | XOM: 5-stop teleportation journey
  1736 | D:2      | Noticed Sigmund
  1746 | D:2      | Killed Sigmund
  1746 | D:2      | Reached skill level 4 in Maces & Flails
  1746 | D:2      | Reached XP level 4. HP: 12/35 MP: 4/4
  1746 | D:2      | Reached XP level 5. HP: 14/41 MP: 5/5
  2576 | D:4      | XOM: noise
  2735 | D:4      | Noticed an ogre
  2740 | D:4      | XOM: fog
  2742 | D:4      | Mangled by an ogre

Dungeon Overview and Level Annotations

Branches:
Dungeon (4/15)
 Temple: D:4-7

Altars:
Cheibriados


Message History

The jackal bites you. The jackal barely misses you.
An ogre comes into view. It is wielding a giant spiked club.
You thump the jackal!
You kill the jackal!
The jackal completely misses you.
You hit the jackal.
The jackal is severely wounded.
The jackal bites you but does no damage.
The jackal closely misses you.
You hit the jackal.
You kill the jackal!
You see here a jackal corpse.
The ogre closely misses you.
You hit the ogre.
The ogre is lightly wounded. "The weather's been a little too boring around here."
You are now a plaything of Xom.
The ogre misses you.
You barely miss the ogre.
The ogre is lightly wounded.
The ogre hits you with a giant spiked club!!
Ouch! That really hurt!
You are too injured to fight recklessly!
You are too injured to fight recklessly!
You are too injured to fight recklessly!
You are too injured to fight recklessly!
You are too injured to fight recklessly!
You are too injured to fight recklessly!
You are too injured to fight recklessly!
You are too injured to fight recklessly!
You are too injured to fight recklessly!
You are too injured to fight recklessly!
You are too injured to fight recklessly!
Unknown command.
You closely miss the ogre.
The ogre is lightly wounded.
The ogre hits you with a giant spiked club!!
Ouch! That really hurt!
You die...
Xom snickers!

You could see an ogre.

Vanquished Creatures
  Sigmund (D:2)
  2 adders
  A river rat (D:2)
  An ooze (D:3)
  3 worms (D:2)
  An orc (D:3)
  A ball python (D:3)
  4 giant cockroaches
  3 goblins
  5 hobgoblins
  11 jackals
  4 kobolds
  3 quokkas
  8 bats
  A giant gecko (D:2)
  2 giant newts
  5 rats
56 creatures vanquished.

Action                   |  1- 3 |  4- 6 || total
-------------------------+-------+-------++-------
Melee: Mace              |    91 |    69 ||   160
 Stab: Paralysed         |     1 |       ||     1

Vault maps used:
D:1:      ncdulo_watergridlock
D:2:      overflow_temple_1_default, first_bread, uniq_sigmund
D:4:      kennysheep_spiral_hall
